 Dungeon Crawl Stone Soup version 0.31-a0-700-gf13585253f (webtiles) character file.

Game seed: 3813548689429350404

28 qw the Shooter (level 3, -1/21 HPs)
             Began as a Gargoyle Hunter on Sept 7, 2023.
             Slain by Sigmund
             ... wielding a +0 scythe
              (5 damage)
             ... on level 2 of the Dungeon.
             The game lasted 00:00:14 (616 turns).

qw the Shooter (Gargoyle Hunter)                     Turns: 616, Time: 00:00:15

Health: -1/21      AC:  6    Str: 14    XL:     3   Next: 14%
Magic:  3/3        EV: 11    Int:  9    God:
Gold:   62         SH:  0    Dex: 15    Spells: 2/2 levels left

rFire   . . .        Y - +0 shortbow
rCold   . . .        (shield currently unavailable)
rNeg    + . .        c - +0 leather armour
rPois   inf          (no helmet)
rElec   +            (no cloak)
rCorr   .            (no gloves)
SInv    .            (no boots)
Will    .....        (no amulet)
Stlth   +            (no ring)
HPRegen 0.23/turn    (no ring)
MPRegen 0.08/turn

%: no passive effects
@: confused
A: sickness immunity, AC +3, negative energy resistance 1, electricity
resistance, torment resistance 1, petrification resistance
a: no special abilities


You were on level 2 of the Dungeon.
You visited 1 branch of the dungeon, and saw 2 of its levels.

You collected 62 gold pieces.


Innate Abilities, Weirdness & Mutations

You are immune to sickness and miasma.
Your stone body is resilient. (AC +3)
You are immune to poison.
You resist negative energy. (rN+)
You are resistant to electric shocks. (rElec)
You are resistant to unholy torment.
You are immune to petrification.


   Skills:
 + Level 2.2 Fighting
 - Level 5.0 Ranged Weapons
 - Level 1.5 Dodging
 - Level 1.1 Stealth


You had 2 spell levels left.
You didn't know any spells.
Your spell library was empty.

Inventory:

Hand Weapons
 Y - a +0 shortbow (weapon)
Armour
 c - a +0 leather armour (worn)
Potions
 g - a potion of heal wounds {unknown}

Dungeon Overview and Level Annotations

Branches:
Dungeon (2/15)

Altars:

Annotations:
D:2 Sigmund


Message History

It was a scroll of fog.
Done exploring.
539 ||| DROPPING scroll of immolation.
You drop a scroll of immolation.
Done exploring.
540 ||| DROPPING scroll of butterflies.
You drop a scroll of butterflies.
Done exploring.
What level of the Dungeon? (default 1, ? - help)
You see here 2 javelins.
There is a stone staircase leading down here.
You climb downwards.
There is a stone staircase leading up here.
An endoplasm is nearby!
Waypoint 1 assigned to D:2.
You shoot an arrow. The arrow hits the endoplasm!
You kill the endoplasm!
Sigmund the Dreaded comes into view.
He is wielding a +0 scythe.
Enter note:
Enter note: You shoot an arrow.
The arrow hits Sigmund.
Sigmund is moderately wounded.
You shoot an arrow. The arrow hits Sigmund!
Sigmund is heavily wounded.
You shoot an arrow.
The arrow hits Sigmund but does no damage.
Sigmund is heavily wounded.
Sigmund hits you but does no damage.
You shoot an arrow. The arrow completely misses Sigmund.
Sigmund points at you and mumbles some strange words.
You are confused.
Sigmund hits you from afar with a +0 scythe.
Sigmund gestures wildly while chanting.
Sigmund flickers and vanishes!
Deactivating autopickup; reactivate with Ctrl-A.
You shoot an arrow.
You hear some strange, mumbled words.
A puff of flame appears from out of thin air!
The puff of flame hits you! Something hits you!
You shoot an arrow. You shoot an arrow. Something hits you.
You die...

# ....#. ....#.#####
...........
........####.#
.........{...#
..#..##@# ..#..##.##
#.#......#
#.#...#..#
#.#...#..#
#.#...#....
######.#...#.####
#####...............
...........#..##..#.


There were no monsters in sight!

Vanquished Creatures
  3 dart slugs (D:1)
  2 bats (D:1)
  An endoplasm (D:2)
  A giant cockroach (D:1)
  2 goblins (D:1)
  A hobgoblin (D:1)
  3 ball pythons (D:1)
  A frilled lizard (D:1)
  4 kobolds (D:1)
  5 rats (D:1)
23 creatures vanquished.

Notes
Turn   | Place    | Note
-------+----------+-------------------------------------------
     0 | D:1      | qw the Gargoyle Hunter began the quest for the Orb.
     0 | D:1      | Reached XP level 1. HP: 12/12 MP: 1/1
     0 | D:1      | 0 ||| qw: Version: 0.3-a-76-g4403597
     0 | D:1      | 0 ||| qw: Game counter: 521
     0 | D:1      | 0 ||| qw: Melee chars always use a shield: true
     0 | D:1      | 0 ||| qw: God list: Okawaru
     0 | D:1      | 0 ||| qw: Allow faded altars: false
     0 | D:1      | 0 ||| qw: Do Orc after clearing Dungeon:15 true
     0 | D:1      | 0 ||| qw: Do second Lair branch before Depths: true
     0 | D:1      | 0 ||| qw: Lair rune preference: random
     0 | D:1      | 0 ||| qw: Goals: Normal
     0 | D:1      | 0 ||| PLANNING D:1-11
    71 | D:1      | Reached XP level 2. HP: 17/17 MP: 2/2
   230 | D:1      | Reached XP level 3. HP: 21/21 MP: 3/3
   416 | D:1      | Reached skill level 5 in Ranged Weapons
   535 | D:1      | 535 ||| READING 2 scrolls labelled LABBADARGHO.
   536 | D:1      | 536 ||| READING scroll labelled DUXIOH ZAQUST.
   537 | D:1      | 537 ||| READING scroll labelled ESKUME INWE.
   538 | D:1      | 538 ||| READING scroll labelled QANTU TEDUECIA.
   539 | D:1      | 539 ||| DROPPING scroll of immolation.
   540 | D:1      | 540 ||| DROPPING scroll of butterflies.
   606 | D:2      | Noticed Sigmund
   614 | D:2      | HP: 3/21 [something (7)]
   616 | D:2      | Slain by Sigmund

Levels and vault maps discovered:
D:1:      dpeg_arrival_short_road, layout_basic, minmay_indecisive_spiral
D:2:      layout_basic, hellmonk_ecumenical_altar_blasted, serial_shops, shop,
          lightli_corner_chamber, uniq_crazy_yiuf_cottage, uniq_sigmund

Skill      XL: |  1  2  3 |
---------------+----------+-----
Ranged Weapons | 5 |  5.0
Fighting       | |  2.2
Dodging        | |  1.5
Stealth        | |  1.1

Action                     || total
---------------------------++-------
   Fire: Shortbow          ||    55
    Use: Scroll            ||     4
 Armour: Leather armour    ||     8
  Dodge: Dodged            ||     8

Table legend:
 A = Non-vault XP
 B = Vault XP
 C = Vault XP percentage of total XP
 D = Non-vault monster count
 E = Vault monster count
 F = Vault count percentage of total count
                 A         B        C        D         E       F
            +---------+---------+-------+---------+---------+-------
      Total |      35 |       6 |  14.6 |      19 |       4 |  17.4
            +---------+---------+-------+---------+---------+-------
        D:1 |      33 |       6 |  15.4 |      18 |       4 |  18.2
        D:2 |       2 |       0 |   0.0 |       1 |       0 |   0.0
            +---------+---------+-------+---------+---------+-------
